 Dungeon Crawl Stone Soup version 0.28.0-53-g5a82cb258f (webtiles) character file.

Game seed: 9626909341828836515

716 styxcanada the Covered (level 7, -5/91 HPs)
             Began as a Minotaur Fighter on June 15, 2022.
             Killed by divine providence
             ... invoked by an orc priest
              (14 damage)
             ... on level 5 of the Dungeon.
             The game lasted 00:11:04 (3647 turns).

styxcanada the Covered (Minotaur Fighter)           Turns: 3647, Time: 00:11:04

Health: -5/91      AC: 23    Str: 22    XL:     7   Next: 41%
Magic:  6/6        EV:  2    Int:  5    God:
Gold:   178        SH:  5    Dex: 10    Spells: 6/6 levels left

rFire   + . .      SeeInvis .   a - +0 war axe
rCold   . . .      Faith    .   c - +1 buckler
rNeg    . . .      Spirit   .   (armour currently unavailable)
rPois   +          Reflect  .   (helmet currently unavailable)
rElec   .          Harm     .   (cloak currently unavailable)
rCorr   .          Rampage  .   (gloves currently unavailable)
Will    .....      NoTele   +   (boots currently unavailable)
Stlth   +.........              (no amulet)
HPRegen 0.25/turn               s - ring of protection from fire
MPRegen 0.10/turn               (no ring)

@: mighty, tree-form
A: stationary, stasis, torment immunity, boosted hp, (horns 2), (retaliatory
headbutt)
a: no special abilities


You were on level 5 of the Dungeon.
You were a tree.
You visited 1 branch of the dungeon, and saw 5 of its levels.

You collected 178 gold pieces.

Inventory:

Hand Weapons
 a - a +0 war axe (weapon)
 k - a +0 hunting sling
 n - a +0 mace
Missiles
 g - 181 stones (quivered)
 h - 16 sling bullets
 p - 2 throwing nets
Armour
 c - a +1 buckler (worn)
 o - a +0 chain mail (melded)
Jewellery
 l - a ring of wizardry
 s - a ring of protection from fire (left branch)
Wands
 r - a wand of iceblast (21)
Scrolls
 b - a scroll of teleportation
 f - a scroll of fear
 j - a scroll of amnesia
 u - a scroll of identify {unknown}
Potions
 d - 3 potions of might
 e - 4 potions of lignification
 t - a potion of attraction {unknown}


   Skills:
 * Level 5.5 Fighting
 + Level 5.2 Axes
 + Level 0.5 Slings
 * Level 7.1 Armour
 + Level 1.2 Dodging
 + Level 4.4 Shields
 * Level 1.7 Evocations


You had 6 spell levels left.
You didn't know any spells.
Your spell library contained the following spells:

 Spells                   Type           Power      Damage    Failure   Level
 Scorch                   Fire           0%         2d5       71%         2
 Flame Wave               Conj/Fire      0%         2d4       100%        4
 Summon Cactus Giant      Summ           0%         N/A       100%        6


Dungeon Overview and Level Annotations

Branches:
Dungeon (5/15)
 Temple: D:4-7

Altars:
Cheibriados
Wu Jian

Shops:
D:1 (


Innate Abilities, Weirdness & Mutations

You are a tree.
Your roots penetrate the ground, keeping you stationary.
You cannot be teleported.
You are immune to unholy pain and torment.
Your maximum health is greatly increased.
Your equipment is partially melded.
((You have a pair of horns on your head.))
((You reflexively headbutt those who attack you in melee.))


Message History

An orc wizard comes into view. It is wielding a +0 dagger of venom.
The orc warrior hits you but does no damage.
You block the wolf's attack. The orc hits you with a +0 morningstar.
* * * LOW HITPOINT WARNING * * *
Your Armour skill increases to level 7!
You hit the wolf but do no damage.
The wolf is almost dead.
You closely miss the orc warrior. You hit the orc. The wolf bites you!
* * * LOW HITPOINT WARNING * * *
The orc warrior hits you with a +0 short sword.
* * * LOW HITPOINT WARNING * * *
The wolf bites you.
* * * LOW HITPOINT WARNING * * *
The orc hits you but does no damage.
You closely miss the orc warrior.
The orc warrior is lightly wounded.
You closely miss the orc. You closely miss the wolf.
The wolf bites you but does no damage. You block the orc warrior's attack.
The orc hits you but does no damage. The wolf bites you but does no damage.
The orc wizard gestures wildly while chanting.
The orc wizard flickers and vanishes!
The orc priest calls upon Beogh to heal the orc.
The orc's wounds heal themselves!
The orc warrior hits you but does no damage.
You slash the wolf!
You kill the wolf!
You hit the orc warrior but do no damage.
You slash the orc!
You kill the orc!
You barely miss the orc. The orc hits you but does no damage.
An orc comes into view. It is wielding a +0 dagger.
You block the orc warrior's attack.
You closely miss the howler monkey. You slash the orc warrior!
You slash the orc!
You kill the orc!
The howler monkey hits you but does no damage.
An orc wizard comes into view. It is wielding a +0 dagger.
The orc priest calls down the wrath of Beogh upon you.
Beogh smites you!
You die...

##### #†..#
#.).# #♣o.#
#{ho# .......
........+
.........#
...........#
#..........oo
#..##########


You could see an orc warrior, a howler monkey, an orc priest, an orc wizard
(wandering) and an orc.

Vanquished Creatures
  A water moccasin (D:5)
  A necrophage (D:5)
  A wolf (D:5)
  A jelly (D:5)
  6 hounds
  2 orc priests
  Ijyb (D:3)
  An orc wizard (D:3)
  2 adders
  An adder skeleton (D:4)
  A worm (D:2)
  5 dart slugs
  15 orcs
  9 ball pythons
  7 endoplasms
  3 giant cockroaches
  7 goblins
  4 hobgoblins
  4 jackals (D:3)
  3 kobolds
  4 quokkas
  4 bats
  2 frilled lizards
  2 rats (D:1)
87 creatures vanquished.

Notes
Turn   | Place    | Note
-------+----------+-------------------------------------------
     0 | D:1      | styxcanada the Minotaur Fighter began the quest for the
                  | Orb.
     0 | D:1      | Reached XP level 1. HP: 19/19 MP: 0/0
   122 | D:1      | Reached skill level 4 in Armour
   134 | D:1      | Reached XP level 2. HP: 23/26 MP: 1/1
   179 | D:1      | Found Cittem's Antique Weapon Shop.
   587 | D:1      | Reached XP level 3. HP: 33/33 MP: 2/2
  1232 | D:2      | Found a snail-covered altar of Cheibriados.
  1595 | D:3      | Reached XP level 4. HP: 16/40 MP: 3/3
  1796 | D:3      | Reached skill level 5 in Armour
  1996 | D:3      | Reached XP level 5. HP: 47/47 MP: 4/4
  2301 | D:3      | Noticed Ijyb
  2311 | D:3      | Killed Ijyb
  2849 | D:4      | Found an ornate altar of the Wu Jian Council.
  3376 | D:5      | Entered Level 5 of the Dungeon
  3395 | D:5      | Reached skill level 6 in Armour
  3456 | D:5      | Noticed a necrophage
  3462 | D:5      | Killed a necrophage
  3463 | D:5      | Reached XP level 6. HP: 55/55 MP: 5/5
  3483 | D:5      | Reached skill level 5 in Fighting
  3483 | D:5      | Reached skill level 1 in Evocations
  3625 | D:5      | Noticed a water moccasin
  3632 | D:5      | Noticed an orc warrior
  3633 | D:5      | Killed a water moccasin
  3634 | D:5      | Reached skill level 5 in Axes
  3634 | D:5      | Reached skill level 1 in Dodging
  3634 | D:5      | Reached XP level 7. HP: 5/61 MP: 6/6
  3638 | D:5      | HP: 3/91 [wolf (5)]
  3644 | D:5      | Reached skill level 7 in Armour
  3647 | D:5      | Killed from afar by an orc priest

Illustrated notes

Levels and vault maps discovered:
D:1:      dpeg_arrival_pits, layout_rooms, serial_shops,
          nicolae_shop_advertising_works [nicolae_subvault_shop_adworks]
D:2:      layout_basic, basic_altar, st_stairs_13
D:3:      layout_basic, uniq_ijyb
D:4:      layout_basic, old_standard_altar, hangedman_decor_slide_cut
D:5:      layout_cave_pools, gammafunk_ghost_cemetery, serial_gnoll_camp,
          gnoll_camp_mini_basic, gnoll_camp_mini_sergeant,
          gnoll_camp_mini_house, gnoll_camp_mini_loothouse, grums_kennel,
          gnoll_camp_mini_basic, minmay_misc_feat_pillars, st_stairs_4,
          grunt_ministairs_7, chequers_serial_rivers_small_b, minivault_27,
          guppyfry_shop_venom

Skill      XL: |  1  2  3  4  5  6  7 |
---------------+----------------------+-----
Armour         | 4 5 6 7 |  7.1
Shields        | 4 |  4.4
Fighting       | 4 5 |  5.5
Axes           | 3 4 5 |  5.2
Evocations     | 1 |  1.7
Dodging        | 1 |  1.2
Slings         | |  0.5

Action                   |  1- 3 |  4- 6 |  7- 9 || total
-------------------------+-------+-------+-------++-------
Melee: War axe           |    75 |    83 |    12 ||   170
       Headbutt          |     7 |     8 |       ||    15
 Fire: Hunting sling     |     9 |       |       ||     9
Throw: Stone             |     2 |       |       ||     2
  Use: Scroll            |       |     5 |       ||     5
       Potion            |       |     1 |     2 ||     3
Armor: Scale mail        |    26 |       |       ||    26
       Chain mail        |       |    75 |       ||    75
       Skin              |       |       |    39 ||    39
Dodge: Dodged            |    39 |    48 |     6 ||    93
Block: Buckler           |    15 |    27 |    11 ||    53
